 Dungeon Crawl Stone Soup version 0.26-a0-663-g36e8fdb655 (webtiles) character file.

Game seed: 16061145725123116865

158 shoop the Caller (level 5, -9/35 HPs)
             Began as a Merfolk Summoner on Oct 13, 2020.
             Mangled by an orc priest
             ... wielding a +2 hand axe of electrocution
              (18 damage)
             ... on level 4 of the Dungeon.
             The game lasted 00:09:22 (5947 turns).

shoop the Caller (Merfolk Summoner)                 Turns: 5947, Time: 00:09:24

Health: -9/35      AC:  4    Str:  9    XL:     5   Next: 40%
Magic:  6/8        EV: 12    Int: 15    God:
Gold:   218        SH:  0    Dex: 14    Spells: 3/8 levels left

rFire    . . .     SeeInvis .   o - +0 trident
rCold    . . .     Faith    .   (no shield)
rNeg     . . .     Spirit   .   l - +0 leather armour
rPois    .         Reflect  .   (no helmet)
rElec    .         Harm     .   h - scarf {repulsion}
rCorr    .         Rampage  .   (no gloves)
MR       .....                  c - +0 pair of boots
Stlth    ++........             (no amulet)
HPRegen  0.11/turn              (no ring)
MPRegen  0.11/turn              (no ring)

@: mighty, repel missiles
A: change form in water, swift swim, stealthy swim
a: no special abilities


You were on level 4 of the Dungeon.
You visited 1 branch of the dungeon, and saw 4 of its levels.

You collected 218 gold pieces.

Inventory:

Hand Weapons
 b - a +0 dagger
 d - a +0 spear
 o - a +0 trident (weapon)
Armour
 a - a +0 robe
 c - a +0 pair of boots (worn)
 h - a scarf of repulsion (worn)
 l - a +0 leather armour (worn)
Scrolls
 e - a scroll of remove curse {unknown}
 g - a scroll of amnesia {unknown}
 m - 2 scrolls of enchant weapon {unknown}
Potions
 f - a potion of lignification {unknown}
 j - a potion of magic
 k - a potion of curing
 n - a potion of brilliance
 p - a potion of heal wounds {unknown}


   Skills:
 + Level 4.2 Polearms
 + Level 0.4 Armour
 - Level 2.6 Dodging
 - Level 2.1 Stealth
 - Level 2.1 Spellcasting
 - Level 5.0 Summonings
 + Level 1.9 Ice Magic


You had 3 spell levels left.
You knew the following spells:

 Your Spells              Type           Power        Failure   Level
a - Summon Small Mammal   Summ           ###.         3%          1
b - Summon Ice Beast      Ice/Summ       ##......     56%         4

Your spell library contained the following spells:

 Spells                   Type           Power        Failure   Level
 Call Imp                 Summ           ###.....     5%          2
 Call Canine Familiar     Summ           ###.....     11%         3
 Summon Guardian Golem    Hex/Summ       #.......     32%         3
 Summon Lightning Spire   Summ/Air       #.......     71%         4


Dungeon Overview and Level Annotations

Branches:
Dungeon (4/15)
 Temple: D:4-7

Altars:

Annotations:
D:3 1 runed translucent door, Cedruin's ghost, amateur DsGl


Message History

The orc priest hits your rat but does no damage.
Lightning courses through your rat!!
Your rat dies!
Your rat's corpse disappears in a puff of smoke!
Your rat barely misses the orc priest.
Evoke which item? (* to show all) (? for menu, Esc to quit)
Okay, then.
Your rat bites the orc priest.
Okay, then.
You feel very mighty all of a sudden.
Your rat misses the orc priest. The orc priest completely misses you.
The orc priest hits your rat with a +2 hand axe of electrocution.
You completely miss the orc priest.
The orc priest is heavily wounded.
Your rat closely misses the orc priest.
The orc priest hits you with a +2 hand axe of electrocution.
* * * LOW HITPOINT WARNING * * *
You are electrocuted!!
Ouch! That really hurt!
You die...

.....w##o.# ...o.
#..## #... ##o.#
### #..## ##..#
####)###
###...r..#####
#...oo.......##
#....@........##
#..........†...##
#..............<#
##..............#
#..............#
#..............#
#..............#
##.............#
###..........##


You could see an orc priest, an orc and a friendly rat (summoned).

Vanquished Creatures
  3 worms
  3 dart slugs
  A leopard gecko (D:3)
  8 orcs
  A ball python (D:1)
  8 bats
  A giant cockroach (D:1)
  6 hobgoblins
  3 jackals (D:1)
  8 frilled lizards
  12 goblins
  6 kobolds
  7 rats
67 creatures vanquished.

Vanquished Creatures (collateral kills)
  2 orc priests
  6 worms
  2 leopard geckos (D:3)
  2 orcs (D:2)
  2 bats
  2 goblins
  2 hobgoblins (D:1)
  A jackal (D:1)
  2 kobolds
  2 frilled lizards (D:3)
  2 rats (D:3)
25 creatures vanquished.

Grand Total: 92 creatures vanquished

Notes
Turn   | Place    | Note
-------+----------+-------------------------------------------
     0 | D:1      | shoop the Merfolk Summoner began the quest for the Orb.
     0 | D:1      | Reached XP level 1. HP: 13/13 MP: 3/3
   782 | D:1      | Reached XP level 2. HP: 19/19 MP: 5/5
  1230 | D:1      | Reached skill level 1 in Polearms
  1472 | D:1      | Reached XP level 3. HP: 24/24 MP: 6/6
  3051 | D:2      | Reached XP level 4. HP: 16/30 MP: 4/7
  3292 | D:2      | Reached skill level 5 in Summonings
  4033 | D:2      | Learned a level 4 spell: Summon Ice Beast
  4776 | D:2      | Reached skill level 1 in Ice Magic
  4792 | D:2      | Reached XP level 5. HP: 13/35 MP: 5/8
  5582 | D:3      | Found a runed translucent door.
  5582 | D:3      | Noticed a cyclops
  5583 | D:3      | Noticed Cedruin's ghost (amateur DsGl)
  5947 | D:4      | Mangled by an orc priest

Illustrated notes

Levels and vault maps discovered:
D:1:      dpeg_arrival_morbid_curiosity, layout_basic
D:2:      layout_loops_corners
D:3:      layout_rooms, ebering_ghost_inner_flame
D:4:      layout_cave_pods, lemuel_doored_altar, nicolae_ossuary_entry_plus,
          chequers_arboretum, minmay_shop_mayhem

Skill      XL: |  1  2  3  4  5 |
---------------+----------------+-----
Polearms       | 1 2 3 4 |  4.2
Summonings     | 5 |  5.0
Ice Magic      | 1 |  1.9
Armour         | |  0.4
Dodging        | |  2.6
Stealth        | |  2.1
Spellcasting   | |  2.1

Action                   |  1- 3 |  4- 6 || total
-------------------------+-------+-------++-------
Melee: Dagger            |    36 |       ||    36
       Spear             |   169 |   163 ||   332
       Trident           |       |    19 ||    19
 Cast: Summon Small Mamm |    18 |    29 ||    47
  Use: Scroll            |       |     4 ||     4
       Potion            |       |     1 ||     1
 Stab: Sleeping          |     7 |     5 ||    12
       Distracted        |       |     2 ||     2
Armor: Robe              |    22 |     8 ||    30
       Leather armour    |       |     5 ||     5
Dodge: Dodged            |   120 |    92 ||   212
       Repelled          |     1 |       ||     1

Table legend: (Time is in decaauts)
 A = Elapsed time spent in this place.
 B = Non-inter-level travel time spent in this place.
 C = Inter-level travel time spent in this place.
 D = Time resting spent in this place.
 E = Time spent auto-exploring this place.
 F = Levels seen in this place.
 G = Mean time per level.
                   A        B        C        D        E       F      G
               +--------+--------+--------+--------+--------+-----+--------+
         Total |   5943 |   5857 |     86 |   2022 |   2968 |   4 | 1485.8 |
       Dungeon |   5943 |   5857 |     86 |   2022 |   2968 |   4 | 1485.8 |
               +--------+--------+--------+--------+--------+-----+--------+

Top non-repeatable levels by time:
     D:1: 2364 daAuts
     D:2: 2340 daAuts
     D:3: 1196 daAuts
     D:4: 41 daAuts
